TOP OF THE 1ST |
Winnipeg Goldeyes batting - Pitching for Windy City ThunderBolts : LHP Axel Lund
|
Pitching: LHP Axel Lund
|
|
Batting: RHB Mike Berzins
|
0-0: Foul Ball, location: 2F 0-1: Called Strike 0-2: Ball 1-2: Ball 2-2: Ball 3-2: Base on Balls
|
Batting: RHB Yu-zeng Mai
|
0-0: Called Strike 0-1: Ball Mike Berzins is caught stealing 2nd base 2-4 1-1: Fly out, F8 (Flyball, 89M, EV 91.9 MPH)
|
Batting: SHB Victor Turrubiate
|
0-0: Ball 1-0: Swinging Strike 1-1: Ball 2-1: Ball 3-1: Foul Ball, location: 2F 3-2: Fly out, F8 (Flyball, 8RXD, EV 95.6 MPH)
|
Top of the 1st over - 0 runs, 0 hits, 0 errors, 0 left on base; Winnipeg 0 - Windy City 0 |
BOTTOM OF THE 1ST |
Windy City ThunderBolts batting - Pitching for Winnipeg Goldeyes : RHP Chi-young Chuko
|
Pitching: RHP Chi-young Chuko
|
|
Batting: RHB Joe Thomas
|
0-0: Called Strike 0-1: Swinging Strike 0-2: Foul Ball, location: 2F 0-2: Ball 1-2: Foul Ball, location: 2F 1-2: Ball 2-2: Strikes out looking
|
Batting: RHB Eddie Dimas
|
0-0: Ground out 5-3 (Groundball, 56, EV 94.4 MPH)
|
Batting: SHB Danny Gallegos
|
0-0: Called Strike 0-1: Called Strike 0-2: Foul Ball, location: 2F 0-2: Foul Ball, location: 2F 0-2: Strikes out swinging
|
Bottom of the 1st over - 0 runs, 0 hits, 0 errors, 0 left on base; Winnipeg 0 - Windy City 0 |
TOP OF THE 2ND |
Winnipeg Goldeyes batting - Pitching for Windy City ThunderBolts : LHP Axel Lund
|
Batting: RHB Terry Oetker
|
0-0: Ball 1-0: Called Strike 1-1: Called Strike 1-2: Strikes out swinging
|
Batting: RHB Settan Nakamura
|
0-0: Foul Ball, location: 2F 0-1: Ball 1-1: Ball 2-1: Reached on error, E6 (Groundball, 6D, EV 82.5 MPH)
|
Batting: RHB Alejandro de Jesus
|
0-0: Ball 1-0: Foul Ball, location: 2F 1-1: Foul Ball, location: 2F 1-2: DOUBLE (Groundball, 5L, EV 101.9 MPH) Settan Nakamura to third Runner from 3rd tries for Home, SAFE, throw by LF to trailing runner, OUT at third! 7-3-5
|
Batting: RHB Calvin Day
|
0-0: Foul Ball, location: 2F 0-1: Foul Ball, location: 2F 0-2: Strikes out swinging
|
Top of the 2nd over - 1 run, 1 hit, 1 error, 0 left on base; Winnipeg 1 - Windy City 0 |
BOTTOM OF THE 2ND |
Windy City ThunderBolts batting - Pitching for Winnipeg Goldeyes : RHP Chi-young Chuko
|
Batting: RHB Ricky Avila
|
0-0: Ball 1-0: Called Strike 1-1: Called Strike 1-2: Foul Ball, location: 2F 1-2: Ball 2-2: Strikes out swinging
|
Batting: RHB Paul Holland
|
0-0: Foul Ball, location: 2F 0-1: Swinging Strike 0-2: Ball 1-2: Strikes out looking
|
Batting: RHB Miguel Pacheco
|
0-0: Ball 1-0: Called Strike 1-1: Ball 2-1: Foul Ball, location: 2F 2-2: Foul Ball, location: 2F 2-2: Ball 3-2: Strikes out swinging
|
Bottom of the 2nd over - 0 runs, 0 hits, 0 errors, 0 left on base; Winnipeg 1 - Windy City 0 |
TOP OF THE 3RD |
Winnipeg Goldeyes batting - Pitching for Windy City ThunderBolts : LHP Axel Lund
|
Batting: RHB Andy Valenzuela
|
0-0: Swinging Strike 0-1: Ball 1-1: Foul Ball, location: 2F 1-2: Ball 2-2: Ground out 5-3 (Groundball, 56, EV 93.1 MPH)
|
Batting: RHB Justin Palko
|
0-0: Ball 1-0: Called Strike 1-1: SOLO HOME RUN (Flyball, 7D, EV 100.0 MPH), Distance : 368 ft
|
Batting: RHB Mike Berzins
|
0-0: Ball 1-0: Called Strike 1-1: SINGLE (Line Drive, 6MD, EV 101.2 MPH)
|
Batting: RHB Yu-zeng Mai
|
0-0: Called Strike 0-1: Swinging Strike 0-2: Strikes out swinging
|
Batting: SHB Victor Turrubiate
|
0-0: Foul Ball, location: 2F 0-1: Called Strike 0-2: Strikes out looking
|
Top of the 3rd over - 1 run, 2 hits, 0 errors, 1 left on base; Winnipeg 2 - Windy City 0 |
BOTTOM OF THE 3RD |
Windy City ThunderBolts batting - Pitching for Winnipeg Goldeyes : RHP Chi-young Chuko
|
Batting: RHB Dave Dominguez
|
0-0: Called Strike 0-1: Fly out, F8 (Flyball, 8LD, EV 103.8 MPH)
|
Batting: RHB Klaus Brown
|
0-0: Called Strike 0-1: Ball 1-1: Called Strike 1-2: Strikes out looking
|
Batting: RHB Sim Damit
|
0-0: Called Strike 0-1: Foul Ball, location: 2F 0-2: Strikes out swinging
|
Bottom of the 3rd over - 0 runs, 0 hits, 0 errors, 0 left on base; Winnipeg 2 - Windy City 0 |
TOP OF THE 4TH |
Winnipeg Goldeyes batting - Pitching for Windy City ThunderBolts : LHP Axel Lund
|
Batting: RHB Terry Oetker
|
0-0: Swinging Strike 0-1: SINGLE (Flyball, 34D, EV 90.0 MPH)
|
Batting: RHB Settan Nakamura
|
0-0: Called Strike 0-1: Swinging Strike 0-2: Foul Ball, location: 2F 0-2: Ball 1-2: Strikes out looking
|
Batting: RHB Alejandro de Jesus
|
0-0: Ball 1-0: Ball 2-0: Swinging Strike 2-1: Ball 3-1: 2-RUN HOME RUN (Flyball, 7LD, EV 99.4 MPH), Distance : 348 ft
|
Batting: RHB Calvin Day
|
0-0: Called Strike 0-1: Swinging Strike 0-2: Foul Ball, location: 2F 0-2: Foul Ball, location: 2F 0-2: Ball 1-2: Strikes out swinging
|
Batting: RHB Andy Valenzuela
|
0-0: Fly out, F9 (Line Drive, 9D, EV 90.0 MPH)
|
Top of the 4th over - 2 runs, 2 hits, 0 errors, 0 left on base; Winnipeg 4 - Windy City 0 |
BOTTOM OF THE 4TH |
Windy City ThunderBolts batting - Pitching for Winnipeg Goldeyes : RHP Chi-young Chuko
|
Batting: RHB Joe Thomas
|
0-0: Ball 1-0: Ground out 6-3 (Groundball, 6, EV 85.6 MPH)
|
Batting: RHB Eddie Dimas
|
0-0: Called Strike 0-1: Foul Ball, location: 2F 0-2: Ball 1-2: Foul Ball, location: 2F 1-2: Strikes out swinging
|
Batting: SHB Danny Gallegos
|
0-0: Ball 1-0: Called Strike 1-1: Ball 2-1: Foul Ball, location: 2F 2-2: Strikes out swinging
|
Bottom of the 4th over - 0 runs, 0 hits, 0 errors, 0 left on base; Winnipeg 4 - Windy City 0 |
TOP OF THE 5TH |
Winnipeg Goldeyes batting - Pitching for Windy City ThunderBolts : LHP Axel Lund
|
Batting: RHB Justin Palko
|
0-0: Called Strike 0-1: Ball 1-1: Ball 2-1: Foul Ball, location: 2F 2-2: SINGLE (Flyball, 4MD, EV 93.8 MPH)
|
Batting: RHB Mike Berzins
|
0-0: Foul Ball, location: 2F 0-1: Swinging Strike 0-2: SINGLE (Groundball, 56D, EV 98.8 MPH) (infield hit) Justin Palko to second
|
Batting: RHB Yu-zeng Mai
|
0-0: SINGLE (Groundball, 6, EV 94.4 MPH) Justin Palko to third Mike Berzins to second
|
Batting: SHB Victor Turrubiate
|
0-0: Ball 1-0: Ball 2-0: Called Strike 2-1: Foul Ball, location: 2F 2-2: Ball 3-2: Base on Balls Justin Palko scores Mike Berzins to third Yu-zeng Mai to second
|
Batting: RHB Terry Oetker
|
0-0: SINGLE (Flyball, 78S, EV 92.5 MPH) Mike Berzins scores Yu-zeng Mai to third Victor Turrubiate to second
|
Batting: RHB Settan Nakamura
|
0-0: Ball 1-0: Ball 2-0: Fly out, F7 (Flyball, 7, EV 78.8 MPH) Runner from 3rd tags up, OUT at HOME! 7-2 Victor Turrubiate to third Terry Oetker to second
|
Batting: RHB Alejandro de Jesus
|
0-0: Called Strike 0-1: Foul Ball, location: 2F 0-2: Ball 1-2: Strikes out swinging
|
Top of the 5th over - 2 runs, 4 hits, 0 errors, 2 left on base; Winnipeg 6 - Windy City 0 |
BOTTOM OF THE 5TH |
Windy City ThunderBolts batting - Pitching for Winnipeg Goldeyes : RHP Chi-young Chuko
|
Batting: RHB Ricky Avila
|
0-0: Called Strike 0-1: Foul Ball, location: 2F 0-2: Strikes out looking
|
Batting: RHB Paul Holland
|
0-0: Ball 1-0: Ball 2-0: Called Strike 2-1: Called Strike 2-2: SOLO HOME RUN (Flyball, 78XD, EV 108.8 MPH), Distance : 430 ft
|
Batting: RHB Miguel Pacheco
|
0-0: Called Strike 0-1: Ball 1-1: Foul Ball, location: 2F 1-2: Ball 2-2: Ball 3-2: Strikes out swinging
|
Batting: RHB Dave Dominguez
|
0-0: Called Strike 0-1: Ball 1-1: Ball 2-1: SOLO HOME RUN (Flyball, 7LD, EV 95.0 MPH), Distance : 340 ft
|
Batting: RHB Klaus Brown
|
0-0: Ball 1-0: Ball 2-0: Foul Ball, location: 2F 2-1: Foul Ball, location: 2F 2-2: Strikes out swinging
|
Bottom of the 5th over - 2 runs, 2 hits, 0 errors, 0 left on base; Winnipeg 6 - Windy City 2 |
TOP OF THE 6TH |
Winnipeg Goldeyes batting - Pitching for Windy City ThunderBolts : LHP Axel Lund
|
Batting: RHB Calvin Day
|
0-0: Called Strike 0-1: Fly out, F7 (Line Drive, 7, EV 96.2 MPH)
|
Batting: RHB Andy Valenzuela
|
0-0: Foul Ball, location: 2F 0-1: Called Strike 0-2: Ball 1-2: Foul Ball, location: 2F 1-2: Strikes out swinging
|
Batting: RHB Justin Palko
|
0-0: SINGLE (Line Drive, 6MD, EV 106.9 MPH)
|
Pitching: RHP Frank Lankford
|
|
Batting: RHB Mike Berzins
|
0-0: Ball Balk! Justin Palko to second 1-0: Ball 2-0: Called Strike 2-1: Ball 3-1: TRIPLE (Flyball, 89XD, EV 98.1 MPH) Justin Palko scores
|
Batting: RHB Yu-zeng Mai
|
0-0: Ball 1-0: Reached on error, E6 (Groundball, 6M, EV 84.4 MPH) Mike Berzins scores
|
Batting: SHB Victor Turrubiate
|
0-0: Ball 1-0: Ball Yu-zeng Mai is caught stealing 2nd base 2-6
|
Top of the 6th over - 2 runs, 2 hits, 1 error, 0 left on base; Winnipeg 8 - Windy City 2 |
BOTTOM OF THE 6TH |
Windy City ThunderBolts batting - Pitching for Winnipeg Goldeyes : RHP Chi-young Chuko
|
Batting: RHB Sim Damit
|
0-0: Called Strike 0-1: Called Strike 0-2: Foul Ball, location: 2F 0-2: Foul Ball, location: 2F 0-2: Strikes out swinging
|
Batting: RHB Joe Thomas
|
0-0: Ball 1-0: Called Strike 1-1: SOLO HOME RUN (Line Drive, 7D, EV 100.0 MPH), Distance : 396 ft
|
Batting: RHB Eddie Dimas
|
0-0: Ball 1-0: Ground out 5-3 (Groundball, 15, EV 85.6 MPH)
|
Batting: SHB Danny Gallegos
|
0-0: Ball 1-0: Ball 2-0: Ball 3-0: Swinging Strike 3-1: Fly out, F8 (Flyball, 8LD, EV 95.0 MPH)
|
Bottom of the 6th over - 1 run, 1 hit, 0 errors, 0 left on base; Winnipeg 8 - Windy City 3 |
TOP OF THE 7TH |
Winnipeg Goldeyes batting - Pitching for Windy City ThunderBolts : RHP Frank Lankford
|
Batting: SHB Victor Turrubiate
|
0-0: Ground out 6-3 (Groundball, 6M, EV 85.0 MPH)
|
Batting: RHB Terry Oetker
|
0-0: Swinging Strike 0-1: Ground out 4-3 (Groundball, 4, EV 82.5 MPH)
|
Batting: RHB Settan Nakamura
|
0-0: Ball 1-0: Ball 2-0: Ground out 6-3 (Groundball, 6, EV 103.1 MPH)
|
Top of the 7th over - 0 runs, 0 hits, 0 errors, 0 left on base; Winnipeg 8 - Windy City 3 |
BOTTOM OF THE 7TH |
Windy City ThunderBolts batting - Pitching for Winnipeg Goldeyes : RHP Chi-young Chuko
|
Batting: RHB Ricky Avila
|
0-0: Swinging Strike 0-1: Swinging Strike 0-2: Ball 1-2: Strikes out swinging
|
Batting: RHB Paul Holland
|
0-0: Ball 1-0: Ball 2-0: Called Strike 2-1: Foul Ball, location: 2F 2-2: SOLO HOME RUN (Flyball, 78XD, EV 114.4 MPH), Distance : 416 ft
|
Pitching: RHP Gregg Edwards
|
|
Pinch Hitting: RHB Donovan Deason
|
0-0: Foul Ball, location: 2F 0-1: Called Strike 0-2: Strikes out swinging
|
Batting: RHB Dave Dominguez
|
0-0: Ball 1-0: Ground out 4-3 (Groundball, 4M, EV 81.2 MPH)
|
Bottom of the 7th over - 1 run, 1 hit, 0 errors, 0 left on base; Winnipeg 8 - Windy City 4 |
TOP OF THE 8TH |
Winnipeg Goldeyes batting - Pitching for Windy City ThunderBolts : RHP Frank Lankford
|
Now at 1B: Donovan Deason
|
|
Batting: RHB Alejandro de Jesus
|
0-0: Foul Ball, location: 2F 0-1: Swinging Strike 0-2: Ball 1-2: Ground out 3-1 (Groundball, 34S, EV 88.8 MPH)
|
Batting: RHB Calvin Day
|
0-0: Called Strike 0-1: Ball 1-1: Ball 2-1: Ball 3-1: SOLO HOME RUN (Flyball, 9LD, EV 93.8 MPH), Distance : 354 ft
|
Batting: RHB Andy Valenzuela
|
0-0: Ball 1-0: Foul Ball, location: 2F 1-1: Ground out 6-3 (Groundball, 6, EV 84.4 MPH)
|
Batting: RHB Justin Palko
|
0-0: Ball 1-0: Ground out 6-3 (Groundball, 6, EV 81.9 MPH)
|
Top of the 8th over - 1 run, 1 hit, 0 errors, 0 left on base; Winnipeg 9 - Windy City 4 |
BOTTOM OF THE 8TH |
Windy City ThunderBolts batting - Pitching for Winnipeg Goldeyes : RHP Gregg Edwards
|
Batting: RHB Klaus Brown
|
0-0: Swinging Strike 0-1: Ball 1-1: Ball 2-1: Ground out 5-3 (Groundball, 56S, EV 85.6 MPH)
|
Pinch Hitting: RHB Nhat Phong
|
0-0: Called Strike 0-1: Swinging Strike 0-2: Ball 1-2: Ball 2-2: Foul Ball, location: 2F 2-2: Foul Ball, location: 2F 2-2: Fly out, F8 (Flyball, 78M, EV 75.6 MPH)
|
Batting: RHB Joe Thomas
|
0-0: Ball 1-0: Called Strike 1-1: Foul Ball, location: 2F 1-2: Ball 2-2: SINGLE (Groundball, 4D, EV 106.2 MPH)
|
Batting: RHB Eddie Dimas
|
0-0: Called Strike 0-1: Ball 1-1: Swinging Strike 1-2: Ball Wild Pitch! Joe Thomas to second 2-2: Ball 3-2: Foul Ball, location: 2F 3-2: DOUBLE (Line Drive, 9LM, EV 99.4 MPH) Joe Thomas scores
|
Batting: SHB Danny Gallegos
|
0-0: Ball 1-0: Ball 2-0: Called Strike 2-1: Fly out, F3 (Popup, 3L, EV 80.0 MPH)
|
Bottom of the 8th over - 1 run, 2 hits, 0 errors, 1 left on base; Winnipeg 9 - Windy City 5 |
TOP OF THE 9TH |
Winnipeg Goldeyes batting - Pitching for Windy City ThunderBolts : RHP Frank Lankford
|
Now at 2B: Joe Thomas
|
|
Now at 3B: Nhat Phong
|
|
Now at SS: Danny Gallegos
|
|
Batting: RHB Mike Berzins
|
0-0: Called Strike 0-1: Foul Ball, location: 2F 0-2: Ball 1-2: DOUBLE (Line Drive, 89D, EV 102.5 MPH)
|
Pitching: RHP Bryan Swaney
|
|
Batting: RHB Yu-zeng Mai
|
0-0: Sac Bunt to 13 - play at first, batter OUT! 1-3 Mike Berzins to third
|
Batting: SHB Victor Turrubiate
|
0-0: Ball 1-0: Foul Ball, location: 2F 1-1: Fly out, F7 (Flyball, 7, EV 95.0 MPH) Runner from 3rd tags up, SCORES, no throw by LF
|
Batting: RHB Terry Oetker
|
0-0: Ball 1-0: Ball 2-0: Called Strike 2-1: Swinging Strike 2-2: Ball 3-2: Strikes out looking
|
Top of the 9th over - 1 run, 1 hit, 0 errors, 0 left on base; Winnipeg 10 - Windy City 5 |
BOTTOM OF THE 9TH |
Windy City ThunderBolts batting - Pitching for Winnipeg Goldeyes : RHP Gregg Edwards
|
Pinch Hitting: RHB Camillo Bonauiti
|
0-0: Ball 1-0: Called Strike 1-1: Called Strike 1-2: Ball 2-2: Ball 3-2: Fly out, F8 (Flyball, 78M, EV 90.0 MPH)
|
Batting: RHB Paul Holland
|
0-0: Fly out, F8 (Line Drive, 8LM, EV 97.5 MPH)
|
Batting: RHB Donovan Deason
|
0-0: Ball 1-0: Fly out, F8 (Line Drive, 8RM, EV 85.0 MPH)
|
Bottom of the 9th over - 0 runs, 0 hits, 0 errors, 0 left on base; Winnipeg 10 - Windy City 5 |
|